[Event "FIDE World Cadets GU12 2022"]
[Site "Batumi"]
[Date "2022.09.17"]
[Round "2.1"]
[White "Preobrazhenskaya, Diana"]
[Black "Vlasova, Mariya N"]
[Result "1-0"]
[ECO "B07"]
[WhiteElo "1994"]
[BlackElo "1456"]
[Annotator "TA"]
[PlyCount "53"]
[EventDate "2022.09.16"]
[EventType "swiss"]
[EventCountry "GEO"]
[SourceTitle "playchess.com"]
[Source "ChessBase"]
[SourceQuality "1"]
[TimeControl "5400+30"]

1. e4 d6 2. d4 Nf6 3. Bd3 Nc6 4. c3 e5 5. Ne2 Be7 6. O-O {[%emt 0:06:30] B07: Pirc Defence: Miscellaneous Systems.} Bg4 7. f3 Bh5 {[%emt 0:00:30] [#]} 8. Ng3 $146 {[%emt 0:04:30] White is better.} ({Predecessor:} 8. Be3 Bg6 9. Nd2 Qd7 10. a4 a6 11. Ng3 O-O 12. f4 h6 13. f5 Bh7 14. d5 {1-0 (69) Toth,L (1801)-Kapas,S (1692) Hungary 2004}) 8... exd4 9. Nf5 dxc3 (9... O-O $16) 10. Nxg7+ $18 Kd7 11. Nxh5 ({Don't take} 11. Nxc3 $6 Bg6 $16) 11... cxb2 $2 (11... Nxh5 {might work better.} 12. Nxc3 Kc8) 12. Bxb2 Nxh5 {[%emt 0:00:00] [#]} 13. f4 $1 Nf6 {[%emt 0:03:30] Inhibits Qg4+.} 14. e5 dxe5 15. fxe5 Nd5 (15... Bc5+ $2 16. Kh1) 16. Be4 Bc5+ 17. Kh1 Ke6 18. Bxd5+ {[%emt 0:00:30] A strong pair of Bishops.} Ke7 19. Rxf7+ Ke8 {[%emt 0:00:30] [#]} 20. Qh5 $1 Qxd5 21. Rxh7+ Kd8 22. Rxh8+ Ke7 23. Qg5+ Kd7 24. Qf5+ Ke7 25. Qf6+ (25. Rh7+ $142 Ke8 26. Nc3 Ne7 27. Rxe7+ Bxe7 28. Nxd5 c6 29. e6 Kd8 {[#]} 30. Qf7 $1 cxd5 31. Be5 Kc8 32. Qg8+ Bd8 33. Rc1#) 25... Kd7 26. Nc3 Qxe5 27. Rd1+ {[%emt 0:01:30] White took control after the opening.  Weighted Error Value: White=0.06 (flawless) /Black=1.39} 1-0

[Event "FIDE World Cadets GU12 2022"]
[Site "Batumi"]
[Date "2022.09.17"]
[Round "2.2"]
[White "Abramkina, Veranika"]
[Black "Ismayilova, Khanim"]
[Result "1-0"]
[ECO "A13"]
[WhiteElo "1445"]
[BlackElo "1901"]
[Annotator "TA"]
[PlyCount "117"]
[EventDate "2022.09.16"]
[EventType "swiss"]
[EventCountry "GEO"]
[SourceTitle "playchess.com"]
[Source "ChessBase"]
[SourceQuality "1"]
[TimeControl "5400+30"]

1. Nf3 d5 2. g3 e6 3. Bg2 Nf6 4. c4 d4 5. e3 c5 6. exd4 cxd4 7. d3 Nc6 8. O-O Bd6 {[%emt 0:11:30] A13: English Opening: 1...e6.} 9. Bg5 {[%emt 0:01:00] The main line 9.Bg5 scores better than 9.Na3.} O-O 10. Nbd2 Be7 {[%emt 0:08:30] White is slightly better.} 11. a3 a5 {[%emt 0:01:30] [#] Inhibits b4.} 12. Rb1 $146 ({Predecessor:} 12. Rc1 h6 13. Bxf6 gxf6 14. Re1 f5 15. c5 Bd7 16. Qe2 a4 17. Nc4 Be8 18. Nfe5 {½-½ (32) Sferle,M (2508)-Nekhaev,A (2491) ICCF email 2017}) 12... a4 13. Bxf6 Bxf6 14. b4 axb3 $1 15. Rxb3 Be7 16. Qa1 Qa5 17. Nb1 Rd8 18. Re1 (18. Rc1 $15) 18... Qa4 19. Qb2 Ra7 20. Nfd2 Na5 21. Rb5 Bd7 22. Qxd4 (22. Bf3 $1 $11) 22... Nxc4 $17 23. Nc3 {[%emt 0:02:30][%mdl 8192] [#]} (23. Rxb7 $17 Rxb7 24. Bxb7 Nxd2 25. Qxa4 Bxa4 26. Nxd2) 23... Qa6 $4 (23... Bxb5 $19 {and all is fine.} 24. Qf4 Qa5 25. Nxb5 Nxd2 26. Nxa7 Nf3+ 27. Qxf3 Qxe1+ 28. Bf1 Rd5) 24. Qxc4 $18 {[%emt 0:02:30][%cal Ob5b7] Strongly threatening Rxb7!} Bxb5 25. Nxb5 Raa8 26. Qb3 ({White should try} 26. Rb1 $18) 26... Qa5 $16 27. Rd1 Rac8 $2 (27... Bxa3 $16 28. Bxb7 (28. Nxa3 Qxa3 29. Qxb7 Rab8 $11) 28... Rab8) 28. Nc4 Qa6 29. Rb1 Rc5 30. d4 Rf5 31. Ne3 Rf6 32. Rc1 Bd6 (32... Qa5 $142 33. Bxb7 Qd2) 33. Nxd6 $18 Qxd6 34. Qb4 h6 $2 (34... Qxb4 35. axb4 Kf8) 35. Qxd6 Rxd6 36. Rc8+ Kh7 37. Be4+ g6 38. Ng4 Rf5 39. Bxf5 gxf5 {[%emt 0:00:30][%mdl 4096] Endgame KRN-KR} 40. Ne3 Rxd4 41. Rc7 Ra4 42. Nc2 Kg6 43. Rxb7 f6 44. Rb4 Ra6 45. a4 Kg5 46. Ne3 e5 47. Nc4 f4 48. Kg2 e4 49. gxf4+ Kxf4 50. a5 f5 51. Rb6 Ra8 52. a6 Rg8+ 53. Kf1 {[%emt 0:00:00] [#] a7 would kill now.} Kf3 54. a7 {[%emt 0:00:00] White mates.} e3 55. fxe3 ({Not} 55. Rb8 $2 e2+ 56. Ke1 Rg1+ 57. Kd2 e1=Q+ $19) 55... Rd8 56. Ne5+ Kxe3 57. Rb8 Rd1+ 58. Kg2 Rd2+ 59. Kh3 {[%emt 0:00:00] Weighted Error Value: White=0.33/Black=0.53} 1-0

[Event "FIDE World Cadets GU12 2022"]
[Site "Batumi"]
[Date "2022.09.17"]
[Round "2.3"]
[White "Kaliakhmet, Elnaz"]
[Black "Sezdbekova, Aizhan"]
[Result "1-0"]
[ECO "E15"]
[WhiteElo "1864"]
[BlackElo "1447"]
[Annotator "NA COMBH"]
[PlyCount "71"]
[EventDate "2022.09.16"]
[EventType "swiss"]
[EventCountry "GEO"]
[SourceTitle "playchess.com"]
[Source "ChessBase"]
[SourceQuality "1"]
[TimeControl "5400+30"]

1. d4 Nf6 2. c4 e6 3. Nf3 b6 4. g3 Ba6 5. Qa4 c5 6. Bg2 Bb7 7. dxc5 Bc6 8. Qc2 bxc5 9. O-O Be7 10. Nc3 O-O 11. Rd1 Qb6 12. Bf4 Rd8 13. e4 Qb7 14. Ne5 Nh5 15. Be3 d6 16. Nxc6 Nxc6 17. Rab1 Qa6 18. e5 dxe5 19. Qa4 Qxa4 20. Nxa4 Rac8 21. Nxc5 Rxd1+ 22. Rxd1 Nd4 23. Nd3 Rxc4 24. Nxe5 Ne2+ 25. Kf1 Rc2 26. Bf3 Rxb2 27. Bxh5 Nc3 28. Rc1 Rb1 29. Rxb1 Nxb1 30. Bxf7+ Kf8 31. Bxe6 a5 32. Nc6 a4 33. Nxe7 Kxe7 34. Bf5 Nc3 35. a3 h6 36. Bc2 1-0

[Event "FIDE World Cadets GU12 2022"]
[Site "Batumi"]
[Date "2022.09.17"]
[Round "2.4"]
[White "Mgeladze, Kesaria"]
[Black "Vizcarra Quispe, Ramalia Bellaluz"]
[Result "1-0"]
[ECO "C43"]
[WhiteElo "1771"]
[BlackElo "1429"]
[Annotator "NA COMBH"]
[PlyCount "123"]
[EventDate "2022.09.16"]
[EventType "swiss"]
[EventCountry "GEO"]
[SourceTitle "playchess.com"]
[Source "ChessBase"]
[SourceQuality "1"]
[TimeControl "5400+30"]

1. e4 e5 2. Nf3 Nf6 3. d4 Nxe4 4. Bd3 d5 5. Nxe5 Nd7 6. Nxd7 Bxd7 7. O-O Bd6 8. Nc3 Nxc3 9. bxc3 Qh4 10. Re1+ Be6 11. g3 Qf6 12. Qh5 h6 13. Qxd5 O-O 14. Qe4 g6 15. Bxh6 Rfe8 16. Qh4 Qxh4 17. gxh4 Kh7 18. Bg5 Kg7 19. a4 Bd7 20. a5 f6 21. Bd2 Rh8 22. Bf4 Bxf4 23. Re7+ Kf8 24. Rxd7 Rxh4 25. Re1 Re8 26. Rxe8+ Kxe8 27. Rg7 Bxh2+ 28. Kg2 g5 29. Rg8+ Kd7 30. Rb8 Kc6 31. f3 b6 32. a6 Bf4 33. Ra8 Rh2+ 34. Kg1 Rh3 35. Rxa7 Rh8 36. Rb7 Ra8 37. Kf2 f5 38. Ke2 Re8+ 39. Kf1 Ra8 40. Bxf5 Rxa6 41. Be4+ Kd6 42. Rb8 Ra1+ 43. Ke2 Ra5 44. c4 Kd7 45. Rg8 Ra3 46. Rg7+ Kd6 47. Rg6+ Ke7 48. d5 Rc3 49. Bd3 Kd7 50. Kf2 Kc8 51. Kg2 Ra3 52. Kh3 Ra1 53. Kg4 Rg1+ 54. Kf5 Kd7 55. Re6 Rh1 56. Kf6 Rh8 57. Kg7 Re8 58. Kf7 Rh8 59. Bf5 Kd8 60. Re7 Bd2 61. d6 c6 62. Ra7 1-0

[Event "FIDE World Cadets GU12 2022"]
[Site "Batumi"]
[Date "2022.09.17"]
[Round "2.5"]
[White "Assylkhan, Asiya"]
[Black "Yousefian, Maedeh"]
[Result "0-1"]
[ECO "D02"]
[WhiteElo "1424"]
[BlackElo "1765"]
[Annotator "NA COMBH"]
[PlyCount "66"]
[EventDate "2022.09.16"]
[EventType "swiss"]
[EventCountry "GEO"]
[SourceTitle "playchess.com"]
[Source "ChessBase"]
[SourceQuality "1"]
[TimeControl "5400+30"]

1. d4 Nf6 2. Bf4 e6 3. e3 d5 4. Nf3 c5 5. c3 Qb6 6. Qb3 c4 7. Qc2 Be7 8. Nbd2 Nc6 9. Ne5 Nh5 10. Be2 Nxf4 11. exf4 Qc7 12. g3 b5 13. a3 Bb7 14. O-O a5 15. b3 O-O 16. a4 cxb3 17. Qxb3 b4 18. Rfc1 Nxe5 19. fxe5 Qb6 20. cxb4 Qxd4 21. bxa5 Qxe5 22. Qxb7 Qxe2 23. Nf1 Bf6 24. Rab1 Bd4 25. Ne3 Bxe3 26. fxe3 Qxe3+ 27. Kh1 Qe4+ 28. Kg1 Qxa4 29. Ra1 Qd4+ 30. Kf1 Rab8 31. Qc7 Rb2 32. Qf4 Qd3+ 33. Kg1 Qe2 0-1

[Event "FIDE World Cadets GU12 2022"]
[Site "Batumi"]
[Date "2022.09.17"]
[Round "2.6"]
[White "Goriachkina, Oksana"]
[Black "Kholyavko, Mariya"]
[Result "0-1"]
[ECO "E90"]
[WhiteElo "1748"]
[BlackElo "1421"]
[Annotator "NA COMBH"]
[PlyCount "130"]
[EventDate "2022.09.16"]
[EventType "swiss"]
[EventCountry "GEO"]
[SourceTitle "playchess.com"]
[Source "ChessBase"]
[SourceQuality "1"]
[TimeControl "5400+30"]

1. d4 Nf6 2. c4 g6 3. Nc3 Bg7 4. e4 d6 5. Nf3 O-O 6. h3 e5 7. Be3 Nbd7 8. dxe5 Nxe5 9. Nxe5 dxe5 10. Qc2 Be6 11. Rd1 Qe7 12. Be2 c6 13. a3 b6 14. Qc1 Rfd8 15. O-O Nd7 16. Bg5 f6 17. Bh6 Nf8 18. Bxg7 Kxg7 19. Qe3 Bf7 20. Rfe1 Ne6 21. Rxd8 Rxd8 22. Bf1 Nd4 23. Rd1 a5 24. Kh1 Be6 25. Rc1 Nb3 26. Rc2 Nd4 27. Rc1 Nb3 28. Rd1 Rd4 29. Bd3 Qd8 30. Ne2 Rxc4 31. Bc2 Nd4 32. Bb3 c5 33. Bxc4 Bxc4 34. Nxd4 exd4 35. Qf4 b5 36. e5 f5 37. e6 Qe7 38. Qe5+ Kg8 39. Rc1 d3 40. Qb8+ Qf8 41. Qe5 Qe7 42. Qb8+ Kg7 43. Qe5+ Kh6 44. Qf4+ Qg5 45. Qxg5+ Kxg5 46. e7 Bf7 47. Re1 Be8 48. Kg1 c4 49. f3 b4 50. Kf2 c3 51. bxc3 bxc3 52. Ke3 d2 53. Ra1 Bb5 54. g3 Kf6 55. e8=Q Bxe8 56. Kd3 Ba4 57. Kxc3 d1=Q 58. Rxd1 Bxd1 59. f4 g5 60. Kd4 gxf4 61. gxf4 Kg6 62. Ke3 Kh5 63. Kf2 Kh4 64. Kg2 Bc2 65. Kh2 Be4 0-1

[Event "FIDE World Cadets GU12 2022"]
[Site "Batumi"]
[Date "2022.09.17"]
[Round "2.7"]
[White "Shubhi Gupta"]
[Black "Khafizova, Diana"]
[Result "1-0"]
[ECO "E61"]
[WhiteElo "1733"]
[BlackElo "1411"]
[Annotator "NA COMBH"]
[PlyCount "119"]
[EventDate "2022.09.16"]
[EventType "swiss"]
[EventCountry "GEO"]
[SourceTitle "playchess.com"]
[Source "ChessBase"]
[SourceQuality "1"]
[TimeControl "5400+30"]

1. d4 Nf6 2. Nf3 d6 3. Bg5 Nbd7 4. c4 g6 5. Nc3 Bg7 6. e3 O-O 7. Be2 e5 8. Qc2 Re8 9. O-O h6 10. Bh4 g5 11. Bg3 Nh5 12. dxe5 Nxg3 13. hxg3 dxe5 14. Rfd1 c6 15. Ne4 Qc7 16. Nd6 Re6 17. c5 b5 18. Rac1 Nf6 19. Nd2 Bf8 20. N2e4 Nxe4 21. Qxe4 Bb7 22. Bg4 Rxd6 23. cxd6 Bxd6 24. Qf5 Bc8 25. Qf3 Bb7 26. Qf6 Rd8 27. Qxh6 Qe7 28. Bf5 f6 29. Qg6+ Qg7 30. Qxg7+ Kxg7 31. Be4 a6 32. Bxc6 Bc8 33. Bf3 Bf5 34. Rc6 Be7 35. Rxd8 Bxd8 36. Rxa6 Be7 37. Rb6 b4 38. Rb7 Kf8 39. Bd5 Ke8 40. e4 Bc8 41. Rb8 Kd7 42. Be6+ Kxe6 43. Rxc8 Kd7 44. Rc4 Bd6 45. Kf1 Ke6 46. Ke2 f5 47. exf5+ Kxf5 48. Kd3 g4 49. f3 gxf3 50. gxf3 Ke6 51. Rc6 Kd5 52. Rxd6+ Kxd6 53. f4 exf4 54. gxf4 Kd5 55. f5 b3 56. a4 Ke5 57. a5 Kxf5 58. a6 Ke5 59. a7 Kd6 60. a8=Q 1-0

[Event "FIDE World Cadets GU12 2022"]
[Site "Batumi"]
[Date "2022.09.17"]
[Round "2.8"]
[White "Merkulova, Victoria"]
[Black "Tynyshtyk, Diana"]
[Result "1-0"]
[ECO "A15"]
[WhiteElo "1715"]
[BlackElo "1373"]
[Annotator "NA COMBH"]
[PlyCount "129"]
[EventDate "2022.09.16"]
[EventType "swiss"]
[EventCountry "GEO"]
[SourceTitle "playchess.com"]
[Source "ChessBase"]
[SourceQuality "1"]
[TimeControl "5400+30"]

1. c4 Nf6 2. Nc3 b6 3. Nf3 Bb7 4. d3 g6 5. e4 d6 6. g3 Bg7 7. Bg2 O-O 8. O-O Re8 9. Be3 e5 10. Nh4 h6 11. Qd2 Kh7 12. f4 Nbd7 13. Nf3 Qe7 14. Rae1 Ng4 15. h4 Ndf6 16. Bh3 Bc8 17. f5 Nxe3 18. Qxe3 gxf5 19. exf5 Nh5 20. Nd5 Qd8 21. g4 Nf6 22. Nxf6+ Bxf6 23. g5 Rg8 24. Kf2 hxg5 25. Qe4 Bb7 26. Qg4 Bxf3 27. Kxf3 Kh6 28. Rg1 gxh4 29. Qe4 Qe7 30. Bg4 Bg5 31. Ke2 f6 32. Bf3 Rad8 33. Rh1 Kg7 34. Reg1 Kf8 35. Qd5 c6 36. Qxc6 Qh7 37. Qe4 Rg7 38. Rh3 Rc7 39. Qd5 Rc5 40. Qe6 Qe7 41. Bd5 Qxe6 42. fxe6 Ke7 43. b4 Rc7 44. Rxh4 Rf8 45. Rh7+ Kd8 46. Rgh1 f5 47. Rxc7 Kxc7 48. Rh7+ Kd8 49. Rd7+ Kc8 50. Rxa7 Rd8 51. e7 Re8 52. Ra8+ Kd7 53. Ra7+ Kc8 54. Ra8+ Kd7 55. Bc6+ Kxc6 56. Rxe8 Kd7 57. Rf8 Bxe7 58. Rxf5 Ke6 59. Rh5 Bf6 60. Ke3 d5 61. Rh6 Kf5 62. Rxf6+ Kxf6 63. cxd5 Ke7 64. Ke4 Kd6 65. a4 1-0

[Event "FIDE World Cadets GU12 2022"]
[Site "Batumi"]
[Date "2022.09.17"]
[Round "2.9"]
[White "Sivashankar, Samyukta"]
[Black "Huseynova, Lala"]
[Result "0-1"]
[ECO "B86"]
[WhiteElo "1406"]
[BlackElo "1702"]
[Annotator "NA COMBH"]
[PlyCount "96"]
[EventDate "2022.09.16"]
[EventType "swiss"]
[EventCountry "GEO"]
[SourceTitle "playchess.com"]
[Source "ChessBase"]
[SourceQuality "1"]
[TimeControl "5400+30"]

1. e4 c5 2. Nf3 d6 3. d4 cxd4 4. Nxd4 Nf6 5. Nc3 a6 6. Bc4 e6 7. Be3 Be7 8. h3 b5 9. Bb3 Qc7 10. a3 O-O 11. O-O Bb7 12. Qd3 Nbd7 13. Rfe1 Nc5 14. Qe2 Ncxe4 15. Nxe4 Nxe4 16. Rac1 d5 17. Ba2 Rac8 18. f3 Nf6 19. Bf2 Bd6 20. Kh1 Nh5 21. Qd3 Nf4 22. Qe3 Ng6 23. Qd2 Rfd8 24. c3 Qd7 25. Bb1 Bb8 26. Re2 Qc7 27. Bg1 Qg3 28. Qe1 Qg5 29. Bh2 Nf4 30. Rf2 e5 31. Ne2 Ne6 32. Rd1 e4 33. Bxb8 Rxb8 34. fxe4 dxe4 35. Nd4 e3 36. Re2 Nf4 37. h4 Qh5 38. Rc2 e2 39. Rdd2 Nxg2 40. Qg3 e1=Q+ 41. Qxe1 Nxe1+ 42. Kg1 Nxc2 43. Bxc2 Qg4+ 44. Kf1 Qf4+ 45. Rf2 Qc1+ 46. Ke2 Rxd4 47. cxd4 Qxc2+ 48. Kf1 Qd1# 0-1

[Event "FIDE World Cadets GU12 2022"]
[Site "Batumi"]
[Date "2022.09.17"]
[Round "2.10"]
[White "Urangoo, Gurvanbaatar"]
[Black "Maklakova, Naomi"]
[Result "0-1"]
[ECO "C87"]
[WhiteElo "1391"]
[BlackElo "1635"]
[Annotator "NA COMBH"]
[PlyCount "124"]
[EventDate "2022.09.16"]
[EventType "swiss"]
[EventCountry "GEO"]
[SourceTitle "playchess.com"]
[Source "ChessBase"]
[SourceQuality "1"]
[TimeControl "5400+30"]

1. e4 e5 2. Nf3 Nc6 3. Bb5 a6 4. Ba4 d6 5. c3 Nf6 6. O-O Be7 7. Re1 O-O 8. d4 exd4 9. cxd4 b5 10. Bc2 Bg4 11. Be3 Nb4 12. Nbd2 Nxc2 13. Qxc2 Rc8 14. d5 Nd7 15. Nd4 Nb8 16. a4 Bf6 17. axb5 Bxd4 18. Bxd4 axb5 19. Qd3 c5 20. Be3 Bd7 21. f4 Re8 22. Nf3 c4 23. Qd4 b4 24. Bd2 b3 25. e5 Bg4 26. Bc3 Bxf3 27. e6 Qf6 28. Qxf6 gxf6 29. gxf3 fxe6 30. dxe6 d5 31. Kf2 Nc6 32. Rad1 d4 33. Bxd4 Nxd4 34. Rxd4 c3 35. bxc3 Rxc3 36. f5 b2 37. Rb4 Rc2+ 38. Re2 Rc5 39. Rbxb2 Rxf5 40. Rb6 Kg7 41. Kg3 Re5 42. Re4 Re7 43. Kf4 Rh5 44. Re2 Rh4+ 45. Kf5 Rh5+ 46. Kg4 Rg5+ 47. Kh4 Kg6 48. Rd6 Kf5 49. Rd7 Rgg7 50. Rd5+ Kf4 51. Rd3 f5 52. Kh3 Rg6 53. Rde3 Reg7 54. Re4+ fxe4 55. Rxe4+ Kxf3 56. e7 Rh6+ 57. Rh4 Rxh4+ 58. Kxh4 Rxe7 59. Kg5 Kg2 60. h4 Kh3 61. h5 Re6 62. Kf5 Ra6 0-1

[Event "FIDE World Cadets GU12 2022"]
[Site "Batumi"]
[Date "2022.09.17"]
[Round "2.11"]
[White "Li, Anna Sofie"]
[Black "Zhumagali, Raian"]
[Result "0-1"]
[ECO "B42"]
[WhiteElo "1590"]
[BlackElo "1278"]
[Annotator "NA COMBH"]
[PlyCount "134"]
[EventDate "2022.09.16"]
[EventType "swiss"]
[EventCountry "GEO"]
[SourceTitle "playchess.com"]
[Source "ChessBase"]
[SourceQuality "1"]
[TimeControl "5400+30"]

1. e4 c5 2. Nf3 d6 3. d4 cxd4 4. Nxd4 Nf6 5. Nc3 a6 6. Bd3 e6 7. O-O Be7 8. f3 Qc7 9. Be3 O-O 10. Qd2 b5 11. a4 b4 12. Na2 d5 13. Nxb4 dxe4 14. fxe4 Qb7 15. Na2 Nxe4 16. Qe2 Nc5 17. b3 Nxd3 18. Qxd3 e5 19. Nf5 Bxf5 20. Qxf5 Nc6 21. Nc3 Rad8 22. Rad1 Qc8 23. Rxd8 Qxd8 24. Rd1 Qc8 25. Qxc8 Rxc8 26. Rd7 Bf8 27. Ne4 f6 28. Bc5 Nd4 29. Bxd4 exd4 30. Rxd4 Rxc2 31. Rd2 Rc1+ 32. Kf2 Rb1 33. Rd3 Kf7 34. Nd2 Rb2 35. Ke2 Bb4 36. Rd4 Bxd2 37. Rxd2 Rxb3 38. Rd6 Rb2+ 39. Kf3 Rb3+ 40. Kf2 Rb2+ 41. Kf3 a5 42. Ra6 Ra2 43. Rxa5 g5 44. Ra7+ Kg6 45. a5 h5 46. a6 Kf5 47. Ra8 g4+ 48. Kg3 h4+ 49. Kxh4 Rxg2 50. h3 Rh2 51. Kg3 Rxh3+ 52. Kf2 Ra3 53. a7 Ra6 54. Kg3 Ra2 55. Rb8 Ra3+ 56. Kf2 Rxa7 57. Kg3 Ra3+ 58. Kf2 Kg5 59. Rg8+ Kf4 60. Rb8 Ra2+ 61. Kf1 f5 62. Rb5 g3 63. Rb4+ Kf3 64. Rb3+ Kg4 65. Rb4+ f4 66. Rc4 Kh3 67. Rc3 Kh2 0-1

[Event "FIDE World Cadets GU12 2022"]
[Site "Batumi"]
[Date "2022.09.17"]
[Round "2.12"]
[White "Altynbek, Aiaru"]
[Black "Shreya G Hipparagi"]
[Result "1-0"]
[ECO "D46"]
[WhiteElo "1373"]
[BlackElo "1574"]
[Annotator "NA COMBH"]
[PlyCount "93"]
[EventDate "2022.09.16"]
[EventType "swiss"]
[EventCountry "GEO"]
[SourceTitle "playchess.com"]
[Source "ChessBase"]
[SourceQuality "1"]
[TimeControl "5400+30"]

1. d4 d5 2. c4 c6 3. Nc3 Nf6 4. e3 e6 5. Qc2 Be7 6. b3 O-O 7. Nf3 Nbd7 8. Bd3 b6 9. O-O Bb7 10. Bb2 c5 11. cxd5 exd5 12. Rfe1 Rc8 13. Ne5 h6 14. Bf5 cxd4 15. exd4 Rc7 16. Qe2 Bb4 17. Rec1 Re8 18. Nb5 Rxc1+ 19. Rxc1 Ba6 20. Bd3 Nxe5 21. dxe5 Ne4 22. Nc7 Bxd3 23. Qxd3 Bc5 24. Nxe8 Nxf2 25. Qf3 Qxe8 26. Rxc5 bxc5 27. Kxf2 Qc6 28. Qd3 a6 29. Qc3 d4 30. Qf3 Qe6 31. Qa8+ Kh7 32. Qe4+ Kg8 33. Ba3 c4 34. bxc4 Qxc4 35. Bb2 Qxa2 36. Qxd4 Qe6 37. Ke3 Qb3+ 38. Bc3 Qe6 39. Qd6 Qc8 40. Qd4 Qe6 41. h3 Qc6 42. Kf2 Qe6 43. g4 Qc6 44. e6 f6 45. Qd8+ Kh7 46. e7 Qc5+ 47. Ke2 1-0

[Event "FIDE World Cadets GU12 2022"]
[Site "Batumi"]
[Date "2022.09.17"]
[Round "2.13"]
[White "Semenova, Vasilisa"]
[Black "Saparya Ghosh"]
[Result "1-0"]
[ECO "D31"]
[WhiteElo "1332"]
[BlackElo "1563"]
[Annotator "NA COMBH"]
[PlyCount "109"]
[EventDate "2022.09.16"]
[EventType "swiss"]
[EventCountry "GEO"]
[SourceTitle "playchess.com"]
[Source "ChessBase"]
[SourceQuality "1"]
[TimeControl "5400+30"]

1. d4 d5 2. c4 e6 3. Nc3 a6 4. cxd5 exd5 5. Nf3 c6 6. Bg5 Be7 7. Bxe7 Qxe7 8. e3 Bf5 9. Bd3 Bxd3 10. Qxd3 Nd7 11. a3 Ngf6 12. Rb1 Ne4 13. Nd2 Nd6 14. O-O O-O 15. Rbe1 f5 16. f4 Rae8 17. Qe2 Rf6 18. Nf3 b5 19. Ne5 Nc4 20. Nb1 Ndb6 21. Rc1 Rc8 22. Rc2 Rh6 23. Nd2 Qh4 24. h3 Nxd2 25. Qxd2 Nc4 26. Qc3 Nxe5 27. dxe5 Rg6 28. Kh1 Re8 29. Qe1 Qh5 30. Qe2 Qh4 31. Qe1 Qh6 32. Rf3 Ree6 33. Qf2 Qh5 34. Rd2 Rh6 35. Rg3 Rhg6 36. Rxg6 hxg6 37. Qe2 Qh4 38. Kh2 g5 39. g3 Qh7 40. Rc2 Qg6 41. Qd3 Qf7 42. b4 gxf4 43. gxf4 Qh5 44. Rg2 Rh6 45. Rg3 Qf7 46. Rg5 g6 47. Qc2 Qh7 48. Qxf5 Qf7 49. Qc8+ Kh7 50. Qxc6 d4 51. e6 Qg7 52. exd4 Qxd4 53. Qd7+ Qg7 54. e7 Qb2+ 55. Rg2 1-0

[Event "FIDE World Cadets GU12 2022"]
[Site "Batumi"]
[Date "2022.09.17"]
[Round "2.14"]
[White "Mateeva, Yana"]
[Black "Gan, Emily Cathay"]
[Result "0-1"]
[ECO "A05"]
[WhiteElo "1306"]
[BlackElo "1550"]
[Annotator "NA COMBH"]
[PlyCount "64"]
[EventDate "2022.09.16"]
[EventType "swiss"]
[EventCountry "GEO"]
[SourceTitle "playchess.com"]
[Source "ChessBase"]
[SourceQuality "1"]
[TimeControl "5400+30"]

1. b3 Nf6 2. Bb2 e6 3. Nf3 g6 4. e3 Bg7 5. Be2 O-O 6. O-O d5 7. d3 Nbd7 8. Nbd2 Re8 9. c4 e5 10. cxd5 Nxd5 11. Nc4 b5 12. Ncd2 Bb7 13. d4 e4 14. Ne1 a6 15. Rc1 f5 16. Nb1 f4 17. exf4 Nxf4 18. Qd2 Qg5 19. Rxc7 Nh3+ 20. Kh1 Nxf2+ 21. Kg1 e3 22. Qc3 Rac8 23. Bf3 Rxc7 24. Qxc7 Bxf3 25. Nxf3 Qd8 26. Qc3 Nb6 27. Bc1 Nd5 28. Qb2 Nd3 29. Qc2 N5b4 30. Qe2 Nf4 31. Qe1 Nbd3 32. Qg3 Ne2+ 0-1

[Event "FIDE World Cadets GU12 2022"]
[Site "Batumi"]
[Date "2022.09.17"]
[Round "2.15"]
[White "Bauer, Laura Sophie"]
[Black "Belaya, Liliya"]
[Result "0-1"]
[ECO "C67"]
[WhiteElo "1506"]
[BlackElo "1266"]
[Annotator "NA COMBH"]
[PlyCount "98"]
[EventDate "2022.09.16"]
[EventType "swiss"]
[EventCountry "GEO"]
[SourceTitle "playchess.com"]
[Source "ChessBase"]
[SourceQuality "1"]
[TimeControl "5400+30"]

1. e4 e5 2. Nf3 Nc6 3. Bb5 Nf6 4. O-O Nxe4 5. Re1 Nd6 6. Nxe5 Nxe5 7. Rxe5+ Be7 8. Bf1 O-O 9. d4 Bf6 10. Re1 Re8 11. c3 Nf5 12. Bf4 d6 13. Bd3 Bd7 14. Rxe8+ Qxe8 15. Nd2 Qe7 16. Ne4 Bc6 17. Nxf6+ Qxf6 18. Qg4 Nh6 19. Qg3 Re8 20. f3 Qe6 21. Bd2 Qf6 22. Bg5 Qe6 23. Qf4 Kh8 24. c4 d5 25. cxd5 Qxd5 26. b3 Ng8 27. Bc4 Qd7 28. Bxf7 Rf8 29. Be6 Qe8 30. Qg4 h6 31. Bxg8 Rxg8 32. Qh4 Qg6 33. f4 Qe4 34. Qf2 hxg5 35. fxg5 Rd8 36. Rd1 Kg8 37. h4 Qg4 38. Rd3 Rf8 39. Qd2 Qxh4 40. Rh3 Qf4 41. Qe2 Qxd4+ 42. Kh1 Re8 43. Qf1 Qd5 44. Qf2 Qxg5 45. Kh2 Qe5+ 46. Rg3 Re6 47. Qd2 Rg6 48. Qd8+ Kh7 49. Qh4+ Rh6 0-1

[Event "FIDE World Cadets GU12 2022"]
[Site "Batumi"]
[Date "2022.09.17"]
[Round "2.16"]
[White "Derlich, Sarah Sima"]
[Black "Kush, Agniya"]
[Result "1/2-1/2"]
[ECO "B52"]
[WhiteElo "1490"]
[BlackElo "1131"]
[Annotator "NA COMBH"]
[PlyCount "68"]
[EventDate "2022.09.16"]
[EventType "swiss"]
[EventCountry "GEO"]
[SourceTitle "playchess.com"]
[Source "ChessBase"]
[SourceQuality "1"]
[TimeControl "5400+30"]

1. e4 c5 2. Nf3 d6 3. Bb5+ Bd7 4. Bxd7+ Nxd7 5. O-O g6 6. c3 Bg7 7. d4 cxd4 8. cxd4 Ngf6 9. Nc3 O-O 10. Bg5 Rc8 11. Rc1 a6 12. h3 b5 13. e5 dxe5 14. dxe5 Ne8 15. Bxe7 Qxe7 16. Nd5 Qe6 17. Rxc8 Nxe5 18. Rc2 Nd6 19. Nc7 Qf5 20. Nd4 Qd7 21. Nxa6 Ndc4 22. b3 Nb6 23. Nc5 Qe7 24. Re1 Rd8 25. Qc1 Rxd4 26. f4 Bh6 27. Qe3 Bxf4 28. Qf2 Nd5 29. Kh1 Ne3 30. Rcc1 Qd6 31. Rxe3 Bxe3 32. Qxe3 Rd1+ 33. Rxd1 Qxd1+ 34. Kh2 Qd6 1/2-1/2

[Event "FIDE World Cadets GU12 2022"]
[Site "Batumi"]
[Date "2022.09.17"]
[Round "2.17"]
[White "Diloyan, Angelina"]
[Black "Aydogan, Arya"]
[Result "0-1"]
[ECO "D00"]
[WhiteElo "1207"]
[BlackElo "1489"]
[Annotator "NA COMBH"]
[PlyCount "146"]
[EventDate "2022.09.16"]
[EventType "swiss"]
[EventCountry "GEO"]
[SourceTitle "playchess.com"]
[Source "ChessBase"]
[SourceQuality "1"]
[TimeControl "5400+30"]

1. d4 d5 2. Nc3 e6 3. Bf4 Bd6 4. Qd2 Nf6 5. Nf3 b6 6. Bxd6 Qxd6 7. Ne5 a6 8. g3 Bb7 9. Bg2 O-O 10. O-O Nbd7 11. f4 c5 12. e3 Rac8 13. Nxd7 Qxd7 14. Rad1 Rfd8 15. Ne2 Qc7 16. c3 b5 17. h3 a5 18. a3 Ba6 19. dxc5 Qxc5 20. Kh2 Qc7 21. Kh1 e5 22. g4 Ne4 23. Bxe4 dxe4 24. Qc2 b4 25. axb4 axb4 26. Rfe1 Bd3 27. Qb3 bxc3 28. bxc3 Rb8 29. Qa4 Ra8 30. Qb3 Rdb8 31. Qd5 Ra5 32. Rxd3 Rxd5 33. Rxd5 exf4 34. exf4 h6 35. Rd4 Qc6 36. Kg1 Rb2 37. Kf2 Qxc3 38. Rxe4 Qxh3 39. Rg1 Qh4+ 40. Rg3 Rb3 41. f5 Kh7 42. Rf4 Rxg3 43. Nxg3 Qf6 44. Nh5 Qb2+ 45. Kg3 Qc3+ 46. Kf2 Qd2+ 47. Kg3 Qe3+ 48. Kg2 g6 49. fxg6+ fxg6 50. Nf6+ Kg7 51. Rf2 Qe5 52. Kh3 Qe3+ 53. Kg2 Qxf2+ 54. Kxf2 Kxf6 55. Kf3 Ke5 56. Ke3 g5 57. Kf3 Kd4 58. Kf2 Ke4 59. Kg3 Ke3 60. Kg2 Kf4 61. Kh3 Kf3 62. Kh2 Kxg4 63. Kg2 h5 64. Kh2 h4 65. Kg2 h3+ 66. Kg1 Kg3 67. Kh1 g4 68. Kg1 h2+ 69. Kh1 Kf2 70. Kxh2 g3+ 71. Kh1 g2+ 72. Kh2 g1=Q+ 73. Kh3 Qg3# 0-1